AoeStats
← Chris

Black Forest

508134128Analyzed
4v4 RM · 11d ago on Sep 21, 2026· 44m 28s· 8 players
Game mode
Random Map
Map size
Large (8 player)
Population
200
Speed
Normal
Resources
Standard
Victory
Conquest
Starting age
Dark Age
Ending age
Imperial Age
RankedLock teamsTeams togetherTeam positionsShared explorationLock speedFull tech treeHidden civsTurbo modeCheats
Victory
Defeat
🇺🇸 Persians · United States
1325
+16
🇺🇸 Turks · United States
1321
+17
🇺🇸 Teutons · United States
1308
+17
🇺🇸 Cumans · United States
1249
+19
🇦🇷 Khmer · Argentina
1410
-20
🇨🇱 Maya · Chile
1348
-18
🇨🇱 Malay · Chile
1321
-17
🇧🇷 Wei · Brazil
1248
-14
Dr.Dreamz
0:44 Loom
13:00 Feudal Age
16:46 Castle Age
14:41 Double-Bit Axe
15:19 Horse Collar
19:22 Bow Saw
26:28 Sanctity
27:16 Forging
28:02 Bloodlines
29:24 Fervor
29:09 Town Watch
29:51 Squires
29:12 Pikeman
30:07 Gold Mining
30:56 Wheelbarrow
30:25 Scale Mail Armor
33:42 Imperial Age
32:24 Hand Cart
32:28 Chain Mail Armor
32:48 Iron Casting
32:55 Stone Mining
35:00 Stone Shaft Mining
34:17 Fletching
34:14 Onager
34:17 Halberdier
36:41 Plate Mail Armor
37:26 Fortified Wall
38:34 Blast Furnace
37:40 Scale Barding Armor
38:12 Siege Onager
40:01 Masonry
40:15 Caravan
40:14 Bodkin Arrow
40:26 Heavy Plow
41:02 Conscription
41:51 Crenellations
41:59 Gambesons
42:00 Arson
42:28 Siege Engineers
43:24 Chemistry
41:57 Cavalier
43:32 Paladin
Chris
5:59 Loom
11:37 Feudal Age
12:07 Double-Bit Axe
14:10 Fishing Lines
23:04 Castle Age
23:45 Bow Saw
23:17 Horse Collar
25:41 Wheelbarrow
25:09 Heavy Plow
25:34 Town Watch
30:36 Gold Mining
30:38 Stone Mining
35:47 Imperial Age
34:15 Scale Barding Armor
35:44 Chain Barding Armor
35:36 Forging
36:26 Elite War Elephant
37:45 Plate Barding Armor
36:35 Light Cavalry
37:27 Bloodlines
39:05 Citadels
39:15 Conscription
39:11 Masonry
39:28 Guilds
39:20 Husbandry
39:57 Iron Casting
41:58 Blast Furnace
40:52 Fletching
41:55 Architecture
VZ | TheeChosen
7:26 Loom
10:47 Feudal Age
11:16 Double-Bit Axe
12:42 Fletching
12:53 Scale Mail Armor
26:55 Horse Collar
28:19 Gold Mining
30:21 Wheelbarrow
29:40 Stone Mining
29:57 Scale Barding Armor
34:02 Castle Age
33:24 Forging
35:21 Bloodlines
36:06 Hand Cart
35:37 Town Watch
36:14 Chain Barding Armor
36:29 Iron Casting
38:55 Imperial Age
36:25 Murder Holes
38:37 Bow Saw
40:13 Heavy Plow
39:53 Elite Steppe Lancer
41:15 Plate Barding Armor
41:40 Blast Furnace
41:52 Blast Furnace
41:52 Conscription
42:03 Town Patrol
43:20 Gold Shaft Mining
44:48 Bodkin Arrow
Amauta
1:01 Loom
10:49 Feudal Age
11:26 Double-Bit Axe
17:37 Fletching
20:07 Horse Collar
23:18 Castle Age
22:31 Gold Mining
22:33 Stone Mining
23:55 Padded Archer Armor
38:25 Imperial Age
36:16 Bodkin Arrow
37:26 Bow Saw
39:14 Wheelbarrow
38:49 Thumb Ring
39:00 Leather Archer Armor
39:32 Parthian Tactics
39:45 Bloodlines
39:36 Husbandry
40:33 Heavy Cavalry Archer
42:30 Sipahi
42:31 Conscription
42:55 Bracer
44:03 Ballistics
LEÑA
0:27 Loom
9:50 Feudal Age
10:42 Double-Bit Axe
14:39 Horse Collar
16:44 Fletching
22:08 Castle Age
22:21 Crossbowman
22:56 Bodkin Arrow
23:13 Bow Saw
23:04 Heavy Plow
26:55 Gold Mining
33:01 Thumb Ring
34:27 Pikeman
38:02 Imperial Age
38:02 Arbalester
38:43 Bracer
39:48 Two-Man Saw
39:19 Crop Rotation
38:11 Halberdier
38:52 Squires
39:05 Forging
38:55 Scale Mail Armor
40:48 Chemistry
41:24 Iron Casting
Feijao
5:17 Loom
11:54 Feudal Age
12:46 Fishing Lines
14:03 Double-Bit Axe
18:16 Castle Age
16:09 Gold Mining
16:24 Stone Mining
16:37 Horse Collar
19:40 Wheelbarrow
19:39 Bow Saw
19:53 Heavy Plow
20:38 Gold Shaft Mining
20:40 Stone Shaft Mining
22:00 Hand Cart
21:32 Town Watch
24:48 Forging
25:52 Fervor
26:43 Scale Barding Armor
27:56 Iron Casting
27:47 Gillnets
30:35 Bloodlines
30:26 Husbandry
29:46 Light Cavalry
31:15 Chain Barding Armor
31:22 Tuntian
35:01 Imperial Age
35:02 Elite Tiger Cavalry
36:31 Conscription
36:47 Hoardings
37:19 Blast Furnace
36:35 Scale Mail Armor
37:09 Ballistics
40:06 Chemistry
39:16 Masonry
38:38 Hussar
39:23 Murder Holes
39:09 Treadmill Crane
42:26 Pikeman
43:06 Squires
42:55 Halberdier
43:52 Chain Mail Armor
DD2E D10 Bulldozer
5:51 Loom
13:30 Feudal Age
16:17 Castle Age
15:36 Double-Bit Axe
17:54 Wheelbarrow
18:09 Fishing Lines
18:47 Bow Saw
19:28 Horse Collar
20:43 Scale Barding Armor
24:47 Light Cavalry
25:28 Husbandry
26:33 Forging
29:11 Gillnets
30:13 Hand Cart
29:54 Gold Mining
29:55 Stone Mining
30:57 Heavy Plow
32:34 Stone Shaft Mining
32:35 Gold Shaft Mining
33:08 Crossbowman
33:55 Thumb Ring
35:03 Ballistics
34:35 Fletching
38:51 Imperial Age
36:35 Padded Archer Armor
38:19 Arbalester
40:03 Chemistry
39:00 Bodkin Arrow
39:26 Conscription
ReBeL_persi
0:33 Loom
13:08 Feudal Age
19:18 Castle Age
35:02 Double-Bit Axe
40:00 Horse Collar
Connection lost

Rejoining the realm…

Still unreachable

The connection could not be restored.

Session expired

The server has moved on; the page needs a fresh start.